 Dungeon Crawl Stone Soup version 0.29-a0-364-g921d912d32 (webtiles) character file.

Game seed: 14806223783474015484

16321 holysushi the Swashbuckler (level 12, 0/80 HPs)
             Began as a Kobold Monk on Apr 30, 2022.
             Was an Elder of Wu Jian.
             Slain by a boulder beetle (57 damage)
             ... on level 10 of the Dungeon.
             The game lasted 00:29:20 (12307 turns).

holysushi the Swashbuckler (Kobold Monk)           Turns: 12307, Time: 00:29:21

Health: 0/80       AC:  7    Str:  9    XL:     12   Next: 68%
Magic:  12/12      EV: 25    Int: 11    God:    Wu Jian [****..]
Gold:   146        SH:  0    Dex: 22    Spells: 11/11 levels left

rFire   . . .      SeeInvis .   a - +5 short sword (speed)
rCold   + . .      Faith    .   (no shield)
rNeg    . . .      Spirit   .   p - +2 robe {Will+}
rPois   .          Reflect  .   (no helmet)
rElec   .          Harm     .   m - scarf {shadows}
rCorr   .          Rampage  +   (no gloves)
Will    +....                   H - +2 pair of boots {rampage}
Stlth   +++++.....              (no amulet)
HPRegen 0.23/turn               o - +4 ring of slaying
MPRegen 0.13/turn               x - ring of protection from cold

@: no status effects
A: small, no large weapons, nightstalker 3
a: Renounce Religion, Wall Jump, Serpent's Lash


You were on level 10 of the Dungeon.
You worshipped Wu Jian.
Wu Jian was greatly pleased with you.
You visited 2 branches of the dungeon, and saw 11 of its levels.
You also visited: Bailey.

You collected 466 gold pieces.
You spent 320 gold pieces at shops.

Inventory:

Hand Weapons
 a - a +5 short sword of speed (weapon)
Missiles
 g - 32 poisoned darts (quivered)
 M - 3 datura-tipped darts
Armour
 b - a +0 robe
 f - a +0 cloak
 m - a scarf of shadows (worn)
 p - a +2 robe of willpower (worn)
 C - +0 steam dragon scales
 F - a +2 robe of fire resistance
 G - a +3 leather armour of fire resistance
 H - a +2 pair of boots of rampaging (worn)
Jewellery
 l - a ring of see invisible
 o - a +4 ring of slaying (left hand)
 r - a ring of ice
 x - a ring of protection from cold (right hand)
 O - a ring of willpower
Wands
 w - a wand of digging (10)
 z - a wand of polymorph (8)
 B - a wand of flame (32)
Scrolls
 d - 3 scrolls of immolation
 e - 2 scrolls of brand weapon {unknown}
 j - 2 scrolls of fog
 n - a scroll of blinking
 s - 4 scrolls of teleportation {unknown}
 t - a scroll of fear
 y - a scroll of vulnerability {unknown}
 A - 2 scrolls of noise {unknown}
 K - 3 scrolls of identify
 N - 3 scrolls of enchant armour {unknown}
Potions
 c - 4 potions of ambrosia
 h - 5 potions of curing
 i - 2 potions of mutation {unknown}
 k - a potion of brilliance
 q - 2 potions of attraction {unknown}
 u - 5 potions of heal wounds
 v - 3 potions of magic
 D - 2 potions of invisibility {unknown}
 E - 5 potions of might
 I - 3 potions of haste {unknown}
 J - 2 potions of resistance {unknown}
 L - 3 potions of flight {unknown}


   Skills:
 + Level 11.3 Fighting
 * Level 18.1 Short Blades
 + Level 12.0 Dodging
 - Level 6.0 Stealth


You had 11 spell levels left.
You didn't know any spells.
Your spell library contained the following spells:

 Spells                   Type           Power      Damage    Failure   Level
 Slow                     Hex            0%         N/A       34%         1
 Corpse Rot               Necr/Air       0%         N/A       47%         2
 Poisonous Vapours        Pois/Air       0%         N/A       47%         2
 Confusing Touch          Hex            0%         N/A       71%         3
 Dazzling Flash           Conj/Hex       0%         N/A       71%         3
 Frozen Ramparts          Ice            0%         1d2       71%         3
 Vampiric Draining        Necr           0%         2d6       71%         3
 Animate Armour           Summ/Erth      0%         N/A       98%         4
 Ice Form                 Ice/Tmut       0%         N/A       98%         4
 Iskenderun's Mystic Bla  Conj/Tloc      0%         2d3       98%         4
 Summon Ice Beast         Ice/Summ       0%         N/A       98%         4
 Alistair's Intoxication  Tmut/Pois      0%         N/A       100%        5
 Blade Hands              Tmut           0%         N/A       100%        5
 Borgnjor's Vile Clutch   Necr/Erth      0%         N/A       100%        5
 Summon Mana Viper        Hex/Summ       0%         N/A       100%        5
 Eringya's Noxious Bog    Tmut/Pois      0%         N/A       100%        6
 Iron Shot                Conj/Erth      0%         9d1       100%        6
 Starburst                Conj/Fire      0%         6d3       100%        6
 Monstrous Menagerie      Summ           0%         N/A       100%        7


Dungeon Overview and Level Annotations

Branches:
Dungeon (10/15)            Temple (1/1) D:7             Orc (0/2) D:9
 Bailey (visited)
   Lair: D:8-11

Altars:
Ashenzari
Cheibriados
Dithmenos
Elyvilon
Fedhas
Gozag
Hepliaklqana
Kikubaaqudgha
Makhleb
Nemelex Xobeh
Okawaru
Qazlal
Ru
Sif Muna
Trog
Uskayaw
Vehumet
Wu Jian
Xom
Yredelemnul
Zin
The Shining One

Shops:
D:4 [!![*!:   D:7 *


Innate Abilities, Weirdness & Mutations

You are small and have problems with some larger weapons.
You are completely attuned to the shadows.


Message History

A vampire mosquito comes into view.
The boulder beetle bites you but does no damage.
You hit the boulder beetle but do no damage.
The vampire mosquito buzzes angrily.
You hear a shout!
A four-headed hydra, an orc knight, a culicivora, an efreet and a tengu warrior come into view.
The efreet is wielding a +2 scimitar of flaming.
Found 62 gold pieces.
You spin and attack the boulder beetle repeatedly.
The orc knight shouts!
You hit the boulder beetle.
The boulder beetle is lightly wounded.
You hit the boulder beetle but do no damage.
The boulder beetle is lightly wounded.
You puncture the boulder beetle!
The boulder beetle is lightly wounded.
The vampire mosquito misses you. x2; The four-headed hydra bites you.
The four-headed hydra misses you.
The four-headed hydra barely misses you.
The four-headed hydra closely misses you.
The boulder beetle misses you.
You spin and attack the boulder beetle repeatedly.
You hit the boulder beetle.
The boulder beetle is lightly wounded.
You puncture the boulder beetle!
The boulder beetle is moderately wounded.
You hit the boulder beetle but do no damage.
The boulder beetle is moderately wounded.
The boulder beetle bites you!!
Okay, then.
The boulder beetle attacks as you move away!
The boulder beetle bites you but does no damage.
Unknown command.
(D) Dungeon (T) Temple (O) Orcish Mines
Where to? (Enter - D:10, ? - help)
Okay, then.
Unknown command.
The boulder beetle curls into a ball and begins rolling!
The boulder beetle hits you!!!
Ouch! That really hurt!
You die...

####+ ####'###
##.... ##.......
#y.# ..#...####.
#.#.o. #.#..##. ##
#°#Rs$ #.#.##.# #
+D#Q$# #.'.#†.# ##
#○# #.#.#..###.
#B## ##.#.#......
#.@#####..#.##.....
##.......##..##..##
####+#########'##
.....# ##...## ###
##†.###..†..#
#.###.#.##...#...
##.#.##.#...###..
+. ##.###.'..## ##.
#.##)#.##.#...###..


You could see a boulder beetle (rolling) and a four-headed hydra.

Vanquished Creatures
  Fannar (D:10)
  2 vault guards (Bailey)
  Erica (D:8)
  3 two-headed ogres
  Nergalle (D:10)
  Maggie (D:8)
  A kobold demonologist (D:10)
  Prince Ribbit (Bailey)
  A slime creature (D:9)
  A hornet (D:10)
  A shadow (D:9)
  2 wyverns
  Eustachio (D:5)
  16 yaks
  8 humans (Bailey)
  4 vampire mosquitoes (D:8)
  3 steam dragons
  2 acid dragons (D:9)
  Duvessa (D:7)
  3 ice beasts
  3 orc warriors
  2 sky beasts
  6 black bears
  3 centaurs
  A phantom (D:6)
  4 kobold brigands
  15 bullfrogs
  3 scorpions
  2 necrophages
  12 wights
  Dowan (D:7)
  11 killer bees
  7 howler monkeys
  2 jellies
  Crazy Yiuf (D:5)
  4 orc priests
  A gnoll shaman (D:7)
  5 hounds
  An iguana (D:5)
  Ijyb (D:5)
  9 orc wizards
  9 gnolls
  10 adders
  2 white imps
  An ufetubus (D:5)
  2 worms
  2 dart slugs
  11 orcs
  2 endoplasms (D:4)
  5 giant cockroaches
  8 goblins
  7 hobgoblins
  3 jackals (D:1)
  2 quokkas
  5 ball pythons
  4 bats
  3 frilled lizards
  11 kobolds
  2 rats (D:2)
237 creatures vanquished.

Notes
Turn   | Place    | Note
-------+----------+-------------------------------------------
     0 | D:1      | holysushi the Kobold Monk began the quest for the Orb.
     0 | D:1      | Reached XP level 1. HP: 14/14 MP: 1/1
   295 | D:1      | You fall into a shaft and drop 1 floor!
   320 | D:2      | Reached XP level 2. HP: 14/19 MP: 2/2
   921 | D:2      | Reached XP level 3. HP: 23/23 MP: 3/3
  1047 | D:2      | Reached skill level 5 in Short Blades
  1111 | D:2      | Reached XP level 4. HP: 27/29 MP: 4/4
  1731 | D:3      | Noticed a scorpion
  2372 | D:3      | Reached XP level 5. HP: 33/33 MP: 5/5
  2485 | D:3      | Reached skill level 6 in Short Blades
  2514 | D:3      | Reached XP level 6. HP: 29/39 MP: 6/6
  3230 | D:4      | Found Gorphip's Distillery.
  3235 | D:4      | Bought a potion of heal wounds for 70 gold pieces
  3235 | D:4      | Bought a potion of degeneration for 14 gold pieces
  3243 | D:4      | Found Xextitz's Armour Shop.
  3384 | D:4      | Reached skill level 7 in Short Blades
  3475 | D:4      | Found Rorrumaw's Distillery.
  3476 | D:4      | Found Asasaini's Assorted Antiques.
  3477 | D:4      | Found Meabb's Armour Emporium.
  3483 | D:4      | Found Danewn's Distillery.
  3582 | D:4      | Found Neoroe Ohorgh's Book Shoppe.
  3594 | D:4      | Noticed a black bear
  3597 | D:4      | Killed a black bear
  3598 | D:4      | Reached skill level 5 in Stealth
  3598 | D:4      | Reached XP level 7. HP: 44/44 MP: 7/7
  3814 | D:5      | Entered Level 5 of the Dungeon
  3815 | D:5      | Noticed Ijyb
  3820 | D:5      | Killed Ijyb
  3854 | D:5      | Reached skill level 5 in Fighting
  4204 | D:5      | Reached skill level 8 in Short Blades
  4262 | D:5      | Found a runed translucent door.
  4299 | D:5      | Reached skill level 5 in Dodging
  4299 | D:5      | Reached XP level 8. HP: 50/50 MP: 8/8
  4311 | D:5      | Noticed Crazy Yiuf
  4316 | D:5      | Killed Crazy Yiuf
  4590 | D:5      | Noticed Eustachio
  4607 | D:5      | Killed Eustachio
  4608 | D:5      | Reached skill level 9 in Short Blades
  5258 | D:6      | Reached skill level 10 in Short Blades
  5262 | D:6      | Reached XP level 9. HP: 56/56 MP: 9/9
  5752 | D:6      | Reached skill level 11 in Short Blades
  6111 | D:7      | Found Uwnu's Lightly-Used Armoury.
  6628 | D:7      | Found a staircase to the Ecumenical Temple.
  6659 | Temple   | Entered the Ecumenical Temple
  7086 | Temple   | Became a worshipper of the Wu Jian Council
  7086 | Temple   | Reached * piety under Wu Jian
  7086 | Temple   | Reached ** piety under Wu Jian
  7568 | D:7      | Noticed Duvessa
  7568 | D:7      | Noticed Dowan
  7570 | D:7      | Killed Duvessa
  7571 | D:7      | Reached skill level 12 in Short Blades
  7572 | D:7      | Killed Dowan
  7760 | D:7      | Found a sacrificial altar of Ru.
  7775 | D:7      | Reached XP level 10. HP: 62/64 MP: 10/10
  7899 | D:4      | Bought a +2 pair of boots of rampaging for 236 gold pieces
  8027 | D:8      | Noticed Erica
  8037 | D:8      | Killed Erica
  8038 | D:8      | Reached skill level 13 in Short Blades
  8206 | D:8      | Found a flagged portal.
  8211 | Bailey   | Entered a bailey
  8493 | Bailey   | Reached skill level 14 in Short Blades
  8594 | Bailey   | Reached *** piety under Wu Jian
  8607 | Bailey   | Noticed Prince Ribbit
  8608 | Bailey   | Noticed a vault guard
  8616 | Bailey   | Killed a vault guard
  8616 | Bailey   | Killed Prince Ribbit
  8617 | Bailey   | Reached XP level 11. HP: 35/71 MP: 11/11
  8992 | Bailey   | Reached skill level 15 in Short Blades
  9081 | Bailey   | Noticed a vault guard
  9086 | Bailey   | Killed a vault guard
  9087 | Bailey   | Reached skill level 10 in Dodging
  9400 | D:8      | Noticed a two-headed ogre
  9404 | D:8      | Killed a two-headed ogre
  9405 | D:8      | Reached skill level 10 in Fighting
  9547 | D:8      | Noticed Maggie
  9570 | D:8      | Killed Maggie
  9571 | D:8      | Reached skill level 16 in Short Blades
 10043 | D:9      | Found a staircase to the Orcish Mines.
 11052 | D:9      | Noticed a two-headed ogre
 11066 | D:9      | Killed a two-headed ogre
 11067 | D:9      | Reached XP level 12. HP: 51/78 MP: 12/12
 11078 | D:9      | Reached **** piety under Wu Jian
 11112 | D:9      | Noticed a two-headed ogre
 11310 | D:9      | Killed a two-headed ogre
 11311 | D:9      | Reached skill level 17 in Short Blades
 11598 | D:10     | Entered Level 10 of the Dungeon
 11908 | D:10     | Noticed Nergalle
 11918 | D:10     | Killed Nergalle
 12170 | D:10     | Noticed Fannar
 12180 | D:10     | Killed Fannar
 12181 | D:10     | Reached skill level 18 in Short Blades
 12298 | D:10     | Noticed a boulder beetle
 12301 | D:10     | Noticed a four-headed hydra
 12301 | D:10     | Noticed a tengu warrior
 12307 | D:10     | Slain by a boulder beetle

Illustrated notes

Levels and vault maps discovered:
D:1:      pf_arrival_petrified_forest, layout_basic
D:2:      layout_loops_ring, minmay_3d_cube
D:3:      layout_rooms, kennysheep_generic_room_14
D:4:      layout_cave_pools, serial_shops, shop, nicolae_shop_trees, shop,
          minmay_shop_grid_forest
D:5:      layout_loops_ring, supply_closet_lemuel, uniq_ijyb, uniq_eustachio,
          uniq_crazy_yiuf_cottage
D:6:      layout_basic, hangedman_abyss_or_decor_passed
D:7:      layout_loops_ring, lemuel_tele_altar, minmay_temple_entry_slanted,
          chequers_serial_rivers_room_b, minmay_shop_damaged, uniq_duvessa
D:8:      layout_cave_pools, enter_bailey_4, grunt_decor_mini_mirrors,
          blue_anna_alchemist, uniq_maggie, uniq_erica
D:9:      wad_guarded_room, layout_basic
D:10:     layout_rooms, minmay_the_grid_2x2 [minmay_the_grid_aliased_spiral,
          minmay_the_grid_outer_diamond, minmay_the_grid_box_x,
          minmay_the_grid_prize_inner_circle], uniq_nergalle, uniq_fannar
Temple:   compressed_dpeg_circular_temple

Skill      XL: |  1  2  3  4  5  6  7  8  9 10 11 12 |
---------------+-------------------------------------+-----
Stealth        | 3 4 5 6 |  6.0
Short Blades   | 5 6 7 8 10 12 14 16 18 | 18.1
Fighting       | 4 5 6 7 9 10 11 | 11.3
Dodging        | 4 5 6 7 9 11 12 | 12.0

Action                   |  1- 3 |  4- 6 |  7- 9 | 10-12 || total
-------------------------+-------+-------+-------+-------++-------
Melee: Short sword       |    58 |    79 |   189 |   636 ||   962
       Punch             |       |     1 |     8 |    11 ||    20
Invok: Lunge             |       |       |     6 |     2 ||     8
       Whirlwind         |       |       |     4 |   138 ||   142
       Serpent's Lash    |       |       |       |     1 ||     1
  Use: Scroll            |       |     7 |     4 |     3 ||    14
 Stab: Sleeping          |     6 |    23 |    18 |    25 ||    72
       Distracted        |       |       |       |     3 ||     3
Armor: Robe              |     9 |     3 |    12 |    31 ||    55
Dodge: Dodged            |    37 |    26 |    66 |   157 ||   286

Table legend: (Time is in decaauts)
 A = Elapsed time spent in this place.
 B = Non-inter-level travel time spent in this place.
 C = Inter-level travel time spent in this place.
 D = Time resting spent in this place.
 E = Time spent auto-exploring this place.
 F = Levels seen in this place.
 G = Mean time per level.
                   A        B        C        D        E       F      G
               +--------+--------+--------+--------+--------+-----+--------+
         Total |  12007 |  11393 |    614 |   2609 |   6722 |  12 | 1000.6 |
       Dungeon |  10699 |  10089 |    610 |   2026 |   6459 |  10 | 1069.9 |
        Temple |    431 |    427 |      4 |      0 |    179 |   1 |  431.0 |
        Bailey |    876 |    876 |      0 |    583 |     84 |   1 |  876.0 |
               +--------+--------+--------+--------+--------+-----+--------+

Top non-repeatable levels by time:
     D:9: 1566 daAuts
     D:7: 1376 daAuts
     D:2: 1130 daAuts
     D:6: 1127 daAuts
     D:1: 1120 daAuts
     D:5: 1115 daAuts
     D:8: 1026 daAuts
  Bailey: 876 daAuts
     D:3: 867 daAuts
     D:4: 686 daAuts
    D:10: 682 daAuts
  Temple: 431 daAuts
